 Dungeon Crawl Stone Soup version 0.26.0-16-gc1dbca0489 (webtiles) character file.

Game seed: 17027849625919672649

196 hatsuma the Conjurer (level 5, -2/43 (45) HPs)
             Began as a Draconian Conjurer on Jan 17, 2021.
             Was a Follower of Sif Muna.
             Slain by Crazy Yiuf
             ... wielding a +2 quarterstaff of chaos
              (4 damage)
             ... while petrified by Crazy Yiuf
             ... on level 3 of the Dungeon.
             The game lasted 00:26:19 (3735 turns).

hatsuma the Conjurer (Draconian Conjurer)           Turns: 3735, Time: 00:26:19

HP:   -2/43 (45)    AC:  5    Str:  9    XL:     5   Next: 46%
MP:   7/8           EV:  2    Int: 19    God:    Sif Muna [*.....]
Gold: 190           SH:  0    Dex: 10    Spells: 2/8 levels left

rFire    . . .     SeeInvis .   j - +1 dagger (venom)
rCold    . . .     Faith    .   (no shield)
rNeg     + + +     Spirit   .   (armour unavailable)
rPois    ∞         Reflect  .   (helmet restricted)
rElec    .         Harm     .   (no cloak)
rCorr    .         Rampage  .   (no gloves)
Will     .....                  (no boots)
Stlth    ++........             (no amulet)
HPRegen  0.14/turn              (no ring)
MPRegen  0.11/turn              (no ring)

@: petrified, hasted and slowed, lightly drained
A: unfitting armour, cold-blooded, AC +5
a: Renounce Religion, Channel Magic


You were on level 3 of the Dungeon.
You worshipped Sif Muna.
Sif Muna was aware of your devotion.
You visited 1 branch of the dungeon, and saw 3 of its levels.

You collected 190 gold pieces.

Inventory:

Hand Weapons
 j - a +1 dagger of venom (weapon)
Wands
 k - a wand of flame (16)
Scrolls
 a - 2 scrolls of magic mapping
 b - 6 scrolls of teleportation
 c - 2 scrolls of remove curse
 d - a scroll of immolation
 f - a scroll of amnesia {unknown}
 m - 2 scrolls of enchant armour {unknown}
 n - a scroll of noise {unknown}
Potions
 e - a potion of haste
 g - 2 potions of heal wounds
 h - 2 potions of flight {unknown}
 i - 3 potions of curing
 l - a potion of attraction {unknown}
 o - a potion of might {unknown}


   Skills:
 - Level 3.0 Fighting
 - Level 2.0 Dodging
 - Level 2.0 Stealth
 - Level 2.0 Spellcasting
 - Level 5.1 Conjurations
 - Level 2.1 Hexes
 + Level 1.0 Invocations


You had 2 spell levels left.
You knew the following spells:

 Your Spells              Type           Power        Failure   Level
a - Magic Dart            Conj           84%          1%          1
b - Searing Ray           Conj           42%          3%          2
c - Dazzling Flash        Conj/Hex       30%          12%         3

Your spell library contained the following spells:

 Spells                   Type           Power        Failure   Level
 Fulminant Prism          Conj/Hex       7%           36%         4
 Iskenderun's Mystic Bla  Conj/Tloc      11%          52%         4


Dungeon Overview and Level Annotations

Branches:
Dungeon (3/15)

Altars:
Gozag
Kikubaaqudgha
Qazlal
Sif Muna
Uskayaw
Xom

Annotations:
D:3 Crazy Yiuf


Innate Abilities, Weirdness & Mutations

Your plain brown scales are hard. (AC +5)
You cannot fit into any form of body armour.
You are cold-blooded and may be slowed by cold attacks.


Message History

You are slowing down.
You can move again.
Your limbs are stiffening.
Crazy Yiuf hits you with a +2 quarterstaff of chaos!
You feel yourself slow down.
You have turned to stone.
Crazy Yiuf hits you with a +2 quarterstaff of chaos!
* * * LOW HITPOINT WARNING * * *
Crazy Yiuf barely misses you. Crazy Yiuf hits you but does no damage.
Crazy Yiuf hits you with a +2 quarterstaff of chaos.
* * * LOW HITPOINT WARNING * * *
You feel yourself speed up.
Crazy Yiuf grits, "Fire foot sizzlefizz!"
Crazy Yiuf hits you with a +2 quarterstaff of chaos.
Crazy Yiuf hits you with a +2 quarterstaff of chaos!
* * * LOW HITPOINT WARNING * * *
Space bends around you.
Crazy Yiuf yells, "Shower foot Hive!"
Crazy Yiuf hits you with a +2 quarterstaff of chaos!
You die...

..#.##..[.##...#..##
#.###
###.##....####.#...#
#.#§§ #
#.##.....####....#
### #.#§§ #
#.##......# #....#
#.#####.#§§
###.######### ♣....♣
#....##.#§§ ....#
♣...♣♣ ####..#.#§§
###.# ♣♣.♣♣
####..#.#§§ ### ♣.♣♣
#....##.#§§ ♣♣@♣
#..##...#§§ ♣g♣♣
#..##...#§§ ♣♣.♣
#..#....#§§ #'#
#..#.##.#§§ #. ...
#....##.### ..... #.
#...# #.....#.###
...).. ... #..)#
#..........
......###.## #####
#..##.#.###
.....#.....##
#####.#.#


You could see Crazy Yiuf.

Vanquished Creatures
  Jessica (D:2)
  Natasha (thrice) (D:3)
  2 adders (D:2)
  An ooze (D:2)
  A worm (D:2)
  A dart slug (D:3)
  A leopard gecko (D:3)
  12 giant cockroaches (D:2)
  6 goblins
  7 hobgoblins
  3 jackals (D:3)
  8 kobolds
  2 quokkas (D:3)
  8 bats
  6 frilled lizards
  5 rats
67 creatures vanquished.

Notes
Turn   | Place    | Note
-------+----------+-------------------------------------------
     0 | D:1      | hatsuma the Draconian Conjurer began the quest for the Orb.
     0 | D:1      | Reached XP level 1. HP: 14/14 MP: 3/3
   187 | D:1      | Reached skill level 1 in Fighting
   611 | D:1      | Reached XP level 2. HP: 18/24 MP: 3/5
   614 | D:1      | Learned a level 2 spell: Searing Ray
  1131 | D:2      | Found a stormy altar of Qazlal.
  1132 | D:2      | Found an ancient bone altar of Kikubaaqudgha.
  1132 | D:2      | Found an opulent altar of Gozag.
  1135 | D:2      | Found a shimmering blue altar of Sif Muna.
  1183 | D:2      | Became a worshipper of Sif Muna the Loreminder
  1357 | D:2      | Reached XP level 3. HP: 30/30 MP: 2/6
  1361 | D:2      | Learned a level 3 spell: Dazzling Flash
  1455 | D:2      | Noticed a +0 hand axe
  1456 | D:2      | Found a hide-covered altar of Uskayaw.
  1456 | D:2      | Noticed a +0 hand axe
  1800 | D:2      | Reached skill level 1 in Hexes
  1801 | D:2      | Reached * piety under Sif Muna
  1914 | D:2      | Noticed Jessica
  1929 | D:2      | Killed Jessica
  1930 | D:2      | Reached XP level 4. HP: 25/38 MP: 1/7
  2677 | D:2      | Found a shimmering altar of Xom.
  2912 | D:3      | Noticed Natasha
  2921 | D:3      | Killed Natasha
  2925 | D:3      | Noticed Natasha
  2938 | D:3      | Killed Natasha
  2939 | D:3      | Reached XP level 5. HP: 27/45 MP: 1/8
  3064 | D:3      | Noticed Natasha
  3072 | D:3      | Killed Natasha
  3073 | D:3      | Reached skill level 5 in Conjurations
  3307 | D:3      | Found a stormy altar of Qazlal.
  3644 | D:3      | Reached skill level 1 in Invocations
  3718 | D:3      | Found a runed translucent door.
  3719 | D:3      | Noticed Crazy Yiuf
  3723 | D:3      | Paralysed by Crazy Yiuf for 3 turns
  3734 | D:3      | HP: 2/43 [Crazy Yiuf/+2 quarterstaff of chaos (8)]
  3735 | D:3      | Slain by Crazy Yiuf

Illustrated notes

Levels and vault maps discovered:
D:1:      psy_arrival_spokes, layout_basic
D:2:      minmay_roachtagon, layout_basic, tgw_xom, dancing_weapons_uskayaw,
          grunt_temple_overflow_open, uniq_jessica
D:3:      layout_rooms, grunt_decor_cap, chequers_hall_statues_wall_a,
          chequers_serial_rivers_room_a, nicolae_qazlal_eye_of_the_storm,
          uniq_natasha, uniq_crazy_yiuf_cottage

Skill      XL: |  1  2  3  4  5 |
---------------+----------------+-----
Fighting       | 1 2 3 |  3.0
Dodging        | 2 |  2.0
Stealth        | 2 |  2.0
Hexes          | 2 |  2.1
Conjurations   | 5 |  5.1
Invocations    | 1 |  1.0
Spellcasting   | |  2.0

Action                   |  1- 3 |  4- 6 || total
-------------------------+-------+-------++-------
Melee: Short sword       |    26 |       ||    26
       Unarmed           |     4 |       ||     4
       Dagger            |    20 |    33 ||    53
       Tailslap          |     3 |     2 ||     5
 Cast: Magic Dart        |    41 |     8 ||    49
       Searing Ray       |     7 |    10 ||    17
  Use: Scroll            |     3 |     3 ||     6
 Stab: Sleeping          |       |     1 ||     1
Armor: Skin              |    23 |    14 ||    37
Dodge: Dodged            |    40 |    26 ||    66
